 Dungeon Crawl Stone Soup version 0.28.0-1-gb440e238dd (webtiles) character file.

Game seed: 8387551131611910322

110 RascalDebosk the Gusty (level 4, 0/35 HPs)
             Began as a Draconian Air Elementalist on Feb 23, 2022.
             Succumbed to a kobold brigand's poison
             ... in a sewer on Feb 25, 2022.
             The game lasted 00:36:04 (3198 turns).

RascalDebosk the Gusty (Draconian Air Elementalist) Turns: 3198, Time: 00:36:05

Health: 0/35       AC:  5    Str: 11    XL:     4   Next: 61%
Magic:  0/7        EV: 12    Int: 17    God:
Gold:   82         SH:  0    Dex: 11    Spells: 1/7 levels left

rFire   . . .      SeeInvis .   b - +0 dagger
rCold   . . .      Faith    .   (no shield)
rNeg    + . .      Spirit   .   (armour unavailable)
rPois   .          Reflect  .   (helmet restricted)
rElec   .          Harm     .   (no cloak)
rCorr   .          Rampage  .   (no gloves)
Will    .....                   (no boots)
Stlth   ++........              (no amulet)
HPRegen 0.11/turn               k - ring of positive energy
MPRegen 0.10/turn               (no ring)

@: lethally poisoned (0 -> -4)
A: AC +5, unfitting armour, cold-blooded
a: no special abilities


You were in a sewer.
You visited 1 branch of the dungeon, and saw 3 of its levels.
You also visited: Sewer.

You collected 82 gold pieces.

Inventory:

Hand Weapons
 b - a +0 dagger (weapon)
Jewellery
 k - a ring of positive energy (left hand)
Scrolls
 a - 3 scrolls of identify {unknown}
 c - 2 scrolls of enchant armour {unknown}
 d - a scroll of amnesia {unknown}
 f - a scroll of blinking {unknown}
 h - a scroll of enchant weapon {unknown}
Potions
 g - 2 potions of lignification {unknown}
 i - a potion of haste {unknown}
 j - 2 potions of attraction {unknown}
 l - 2 potions of heal wounds {unknown}
 m - a potion of mutation {unknown}


   Skills:
 + Level 1.2 Fighting
 + Level 2.2 Dodging
 + Level 2.2 Stealth
 + Level 2.3 Spellcasting
 * Level 2.4 Conjurations
 * Level 0.4 Hexes
 * Level 3.6 Air Magic


You had one spell level left.
You knew the following spells:

 Your Spells              Type           Power      Damage    Failure   Level
a - Shock                 Conj/Air       48%        1d6       5%          1
b - Static Discharge      Conj/Air       12%        N/A       9%          2
c - Swiftness             Air            14%        N/A       12%         3

Your spell library contained the following spells:

 Spells                   Type           Power      Damage    Failure   Level
 Dazzling Flash           Conj/Hex       12%        N/A       30%         3
 Airstrike                Air            7%         N/A       38%         4
 Iskenderun's Mystic Bla  Conj/Tloc      6%         2d4       75%         4
 Starburst                Conj/Fire      3%         6d3       100%        6


Dungeon Overview and Level Annotations

Branches:
Dungeon (3/15)              Sewer (1/1)

Altars:

Annotations:
D:3 Natasha


Innate Abilities, Weirdness & Mutations

Your plain brown scales are hard. (AC +5)
You cannot fit into any form of body armour.
You are cold-blooded and may be slowed by cold attacks.


Message History

The kobold brigand throws a poisoned dart.
The poisoned dart hits you!
You are more poisoned.
You feel better.
Unknown command.
Aiming: Shock (safe; 5% risk of failure)
Press: ? - help, Q - select action, (/) - cycle Shift-Dir - straight line, f/p - kobold brigand
Aim: a kobold brigand, wielding a +0 dagger and quivering poisoned darts (heavily wounded, 60% to hit)
The zap hits the kobold brigand.
The kobold brigand is severely wounded.
You enter the shallow water.
Moving in this stuff is going to be slow.
The kobold brigand throws a poisoned dart.
The poisoned dart hits you!
You are poisoned.
You feel sick.
You feel sick.
The kobold brigand throws a poisoned dart.
The poisoned dart hits you!
You are lethally poisoned!
There is a lethal amount of poison in your body!
There is a lethal amount of poison in your body!
You enter the shallow water.
Moving in this stuff is going to be slow.
* * * LOW HITPOINT WARNING * * *
You feel very sick.
* * * LOW HITPOINT WARNING * * *
You feel sick.
* * * LOW HITPOINT WARNING * * *
You feel sick.
* * * LOW HITPOINT WARNING * * *
You feel sick.
* * * LOW HITPOINT WARNING * * *
You feel sick.
Aiming: Shock (safe; 5% risk of failure)
Press: ? - help, Q - select action, (/) - cycle Shift-Dir - straight line, f/p - kobold brigand
Aim: a kobold brigand, wielding a +0 dagger and quivering poisoned darts (severely wounded, 60% to hit)
The zap hits the kobold brigand but does no damage.
The kobold brigand is severely wounded.
You die...

.####.≈≈.≈≈≈≈.###
###..≈≈≈.≈≈..≈..##
#.≈≈≈≈#####≈..≈.#
#.≈≈≈## ##≈≈..#
#≈≈.# ##≈≈≈# #.≈≈
#≈K.# #.≈. #≈≈.#
#≈≈ ##≈≈.##
#.≈.@≈# #≈###.# #≈
≈# #≈ .# ≈≈ #≈ ≈#
≈#


You could see a kobold brigand.

Vanquished Creatures
  A gnoll (D:1)
  3 adders (D:2)
  5 worms
  5 dart slugs
  3 orcs (D:3)
  3 endoplasms
  2 giant cockroaches (D:1)
  3 goblins
  2 hobgoblins
  3 jackals (D:1)
  2 quokkas (D:2)
  3 ball pythons
  3 frilled lizards
  6 kobolds
  7 rats
51 creatures vanquished.

Notes
Turn   | Place    | Note
-------+----------+-------------------------------------------
     0 | D:1      | RascalDebosk the Draconian Air Elementalist began the quest
                  | for the Orb.
     0 | D:1      | Reached XP level 1. HP: 14/14 MP: 3/3
   395 | D:1      | Reached XP level 2. HP: 12/20 MP: 0/5
   554 | D:1      | Learned a level 2 spell: Static Discharge
   918 | D:1      | Found a faded altar of an unknown god.
  1213 | D:1      | Reached XP level 3. HP: 22/27 MP: 0/6
  1880 | D:2      | Reached skill level 1 in Fighting
  2187 | D:2      | Reached XP level 4. HP: 35/35 MP: 1/7
  2522 | D:2      | Learned a level 3 spell: Swiftness
  2676 | D:3      | Noticed Natasha
  2726 | D:3      | Found a glowing drain.
  2828 | Sewer    | Entered a sewer
  3153 | Sewer    | Noticed a kobold brigand
  3196 | Sewer    | HP: 1/35 [poisoned by a kobold brigand]
  3198 | Sewer    | Succumbed to a kobold brigand's poison

Illustrated notes

Levels and vault maps discovered:
D:1:      ncdulo_lavacross, layout_rooms, ebering_ecumenical_altar_abandoned
D:2:      layout_basic
D:3:      layout_basic, nicolae_gozag_cash_rules_everything_around_me,
          cheibrodos_sewer_entry_bend, uniq_natasha
Sewer:    sewer_co_tree

Skill      XL: |  1  2  3 |
---------------+----------+-----
Dodging        | 2 |  2.2
Stealth        | 2 |  2.2
Conjurations   | 2 |  2.4
Fighting       | 1 |  1.2
Spellcasting   | |  2.3
Hexes          | |  0.4
Air Magic      | |  3.6

Action                   |  1- 3 |  4- 6 || total
-------------------------+-------+-------++-------
Melee: Dagger            |    17 |    26 ||    43
       Tailslap          |     1 |     5 ||     6
 Cast: Shock             |    61 |    35 ||    96
       Static Discharge  |     4 |     8 ||    12
  Use: Potion            |       |     2 ||     2
Armor: Skin              |    20 |    11 ||    31
Dodge: Dodged            |    39 |    17 ||    56
